 Dungeon Crawl Stone Soup version 0.19.0-19-g8c6edcc (console) character file.

821 2d6 the Ruffian (level 7, 0/61 HPs)
             Began as a Ghoul Monk on Nov 15, 2016.
             Slain by a killer bee (3 damage)
             ... on level 5 of the Dungeon.
             The game lasted 00:20:12 (4072 turns).

2d6 the Ruffian (Ghoul Monk)                        Turns: 4072, Time: 00:20:13

Health: 0/61       AC:  7    Str: 17    XL:     7   Next: 95%
Magic:  15/15      EV: 18    Int:  5    God:
Gold:   284        SH:  0    Dex: 16    Spells: 0 memorised, 6 levels left

rFire  . . .     SeeInvis .       - Unarmed
rCold  + . .     Gourm    .     i - +1 ring mail {rPois}
rNeg   + + +     Faith    .     (no shield)
rPois  ∞         Spirit   .     (no helmet)
rElec  .         Reflect  .     I - +0 cloak
rCorr  .         Harm     .     (no gloves)
MR     .....                    (no boots)
Stlth  ++++......               (no amulet)
                                D - ring of stealth
                                g - ring of magical power

@: agile, marked, rotting
A: rotting body, claws 1, carnivore 3, cold resistance 1, negative energy
resistance 3, slow regeneration 1, torment resistance, unbreathing
a: no special abilities


You were on level 5 of the Dungeon.
You were not hungry.

You visited 1 branch of the dungeon, and saw 5 of its levels.

You collected 284 gold pieces.

Inventory:

Hand Weapons
 o - a +0 arbalest
 s - a +0 dagger of distortion
 u - a cursed -2 hunting sling
 y - a +1 dagger of venom
 G - a +0 mace of protection
 H - a +3 quarterstaff of chaos
Missiles
 n - 194 stones (quivered)
Armour
 a - a +0 robe
 f - a +0 scale mail
 i - a +1 ring mail of poison resistance (worn)
 l - a +0 robe
 I - a +0 cloak (worn)
Jewellery
 g - a ring of magical power (left claw)
 w - a -2 ring of protection
 D - a ring of stealth (right claw)
Wands
 C - a wand of slowing (22/48)
Scrolls
 e - 2 scrolls of teleportation {unknown}
 h - 2 scrolls of amnesia {unknown}
 k - 2 scrolls of blinking {unknown}
 m - 4 scrolls of identify
 p - 3 scrolls of random uselessness
 q - 2 scrolls of fog {unknown}
 r - 3 scrolls of enchant weapon {unknown}
 B - 2 scrolls of magic mapping {unknown}
 F - a scroll of remove curse
Potions
 c - 3 potions of agility
 j - 2 potions of flight
 t - a potion of cure mutation {unknown}
 v - a potion of berserk rage {unknown}
 x - a potion of magic {unknown}
 z - a potion of degeneration {unknown}
 A - a potion of heal wounds {unknown}
 E - a potion of mutation {unknown}
 K - a potion of curing {unknown}
Comestibles
 b - 3 meat rations
 d - 2 beef jerkies
 J - 3 chunks of flesh


   Skills:
 + Level 5.2 Fighting
 + Level 2.9 Armour
 + Level 4.2 Dodging
 + Level 5.3 Stealth
 + Level 5.5 Unarmed Combat


You had 6 spell levels left.
You didn't know any spells.

Dungeon Overview and Level Annotations

Branches:
Dungeon (5/15)
 Temple: D:4-7

Altars:
Fedhas
Kikubaaqudgha
Ru
Zin


Innate Abilities, Weirdness & Mutations

Your body is rotting away.
You thrive on raw meat.
You are immune to poison.
You have sharp fingernails.
You are carnivorous and can eat meat at any time.
Your flesh is cold resistant. (rC+)
You are immune to negative energy. (rN+++)
You regenerate slowly when monsters are visible.
You are immune to unholy pain and torment.
You can survive without breathing.


Message History

* * * LOW HITPOINT WARNING * * *
The killer bee stings you.
* * * LOW HITPOINT WARNING * * *
The killer bee completely misses you.
Okay, then.
The killer bee misses you. The killer bee misses you.
You found an alarm trap!
Press: ? - help, v - describe, . - travel An alarm trap.
Really walk onto that alarm trap?
The alarm trap emits a blaring wail!
A sentinel's mark forms upon you.
You hear a shout!
You hear an angry hiss.
You hear a shout! x2
You hear a bark!
You hear a shout! x3
The killer bee closely misses you. x2
The killer bee closely misses you. The killer bee misses you.
The killer bee barely misses you. The killer bee stings you.
You die...

.#
####...##.!....#
.# ###..#......#
..#
#####.........#
..##.....####.....
#.#..##### ###
####.#.## #....yy#
#..###y## #@# #.#
#.# #.# ... #.#
#.# #.#


You could see 3 killer bees.

Vanquished Creatures
  Sigmund (D:3)
  2 big kobolds (D:3)
  A scorpion (D:4)
  A killer bee (D:5)
  2 hounds
  An orc priest (D:3)
  Crazy Yiuf (D:4)
  Ijyb (D:3)
  4 adders
  8 gnolls (D:3)
  2 oozes
  4 worms
  5 leopard geckos
  9 orcs
  8 bats
  5 giant cockroaches
  38 goblins
  25 hobgoblins
  3 jackals (D:3)
  2 quokkas
  7 frilled lizards
  13 kobolds
  2 rats (D:1)
145 creatures vanquished.

Notes
Turn   | Place    | Note
-------+----------+-------------------------------------------
     0 | D:1      | 2d6 the Ghoul Monk began the quest for the Orb.
     0 | D:1      | Reached XP level 1. HP: 19/19 MP: 0/0
    67 | D:1      | Reached XP level 2. HP: 20/26 MP: 1/1
   526 | D:1      | Reached XP level 3. HP: 31/31 MP: 2/2
  1140 | D:2      | Reached skill level 1 in Armour
  1432 | D:3      | Reached XP level 4. HP: 40/40 MP: 3/3
  1472 | D:3      | Noticed Sigmund
  1494 | D:3      | Killed Sigmund
  1494 | D:3      | Reached XP level 5. HP: 35/46 MP: 4/4
  1541 | D:3      | Reached XP level 6. HP: 28/52 MP: 5/5
  1584 | D:3      | Found a glowing silver altar of Zin.
  1851 | D:3      | Noticed Ijyb
  1873 | D:3      | Killed Ijyb
  1966 | D:3      | Found an ancient bone altar of Kikubaaqudgha.
  2596 | D:3      | Reached skill level 5 in Unarmed Combat
  2872 | D:3      | Reached XP level 7. HP: 60/60 MP: 6/6
  3038 | D:3      | Reached skill level 5 in Stealth
  3111 | D:3      | Found a blossoming altar of Fedhas.
  3460 | D:4      | Reached skill level 5 in Fighting
  3798 | D:4      | Found a runed door.
  3802 | D:4      | Noticed Crazy Yiuf
  3807 | D:4      | Killed Crazy Yiuf
  3962 | D:4      | Found a sacrificial altar of Ru.
  4018 | D:5      | Entered Level 5 of the Dungeon
  4065 | D:5      | HP: 3/61 [killer bee (4)]
  4072 | D:5      | Slain by a killer bee

Skill      XL: |  1  2  3  4  5  6  7 |
---------------+----------------------+-----
Armour         | 1 2 |  2.9
Unarmed Combat | 4 5 |  5.5
Fighting       | 4 5 |  5.2
Dodging        | 3 4 |  4.2
Stealth        | 3 4 5 |  5.3

Action                   |  1- 3 |  4- 6 |  7- 9 || total
-------------------------+-------+-------+-------++-------
Melee: Unarmed           |   106 |   242 |   130 ||   478
       Punch             |     1 |     5 |     2 ||     8
  Use: Scroll            |     3 |       |     2 ||     5
       Potion            |       |       |     1 ||     1
 Stab: Sleeping          |     8 |     1 |     2 ||    11
  Eat: Chunk             |    11 |    29 |    19 ||    59
Armor: Robe              |    10 |     4 |       ||    14
       Scale mail        |    17 |       |       ||    17
       Ring mail         |     3 |    60 |    33 ||    96
Dodge: Dodged            |    75 |   201 |   127 ||   403
